Map: Blackburn LE

Players

themongo

  • Race: Protoss Protoss

Throwfordays - Winner!

  • Race: Terran Terran
  • League: Gold

VOD

Have the link to the VOD?

Description

Time

  • Played on: Aug. 27, 2021, 10:13 p.m.
  • Length: 4:13
Show
View Real Time Build Order
Export as new Build Order

themongo Protoss 

Build Orders:  

Get SALT Encoding   

  12  0:00  Probe  
  13  0:13  Probe  
  14  0:18  Pylon  
  14  0:25  Probe  
  15  0:42  Gateway  
  15  0:48  Gateway  
  15  0:55  Probe  
  16  1:07  Probe  
  16  1:09  Assimilator  
  17  1:14  Assimilator  
  17  1:19  Probe  
  18  1:31  Probe  
  19  1:33  Cybernetics Core  
  19  1:36  Pylon  
  19  1:43  Probe  
  20  1:56  Probe  
  21  2:08  Probe  
  22  2:10  Stalker (Chrono Boost), Warp Gate (Chrono Boost)  
  22  2:12  Stalker (Chrono Boost)  
  26  2:20  Probe  
  27  2:37  Stalker (Chrono Boost)  
  30  2:46  Stalker (Chrono Boost)  
  30  3:15  Gateway  
  30  3:16  Gateway  
  30  3:31  Probe  
  31  3:45  Pylon  
  31  3:47  Pylon  
  31  3:50  Pylon  
  25  4:03  Stalker  
Show
View Real Time Build Order
Export as new Build Order

Throwfordays Terran - Winner!

Build Orders:  

Get SALT Encoding   

  12  0:00  SCV  
  13  0:16  Supply Depot  
  13  0:17  SCV  
  14  0:24  Refinery  
  14  0:39  Barracks  
  14  0:41  SCV  
  15  0:54  SCV  
  16  1:03  Barracks  
  16  1:07  SCV  
  17  1:19  Supply Depot  
  17  1:25  Reaper  
  17  1:30  SCV  
  19  1:39  Refinery  
  19  1:42  SCV  
  20  1:51  Reaper  
  21  1:57  SCV  
  21  1:58  Reaper  
  23  2:05  Barracks  
  23  2:14  Supply Depot  
  23  2:18  SCV  
  24  2:27  Reaper  
  25  2:30  SCV  
  26  2:39  Reaper  
  27  2:56  Reaper  
  27  2:57  SCV  
  29  2:59  Reaper  
  30  3:09  SCV  
  30  3:11  Reaper  
  32  3:15  Engineering Bay  
  32  3:21  SCV  
  33  3:32  Supply Depot  
  33  3:40  Reaper x2  
  33  3:41  Refinery, Supply Depot  
Tags
 
League
Gold
Matchup
PvT
Replay Pack
Multiplayer
Add a new tag
Caveats
  • Supply blocks, unpowered buildings, or Contaminate may cause inaccurate times.
  • Supply counts are checked every 10 seconds.